 Dungeon Crawl Stone Soup version 0.29-a0-542-g075992c915 (webtiles) character file.

Game seed: 6608285961227123895

60 spiderkeys the Ducker (level 3, -6/22 HPs)
             Began as a Deep Elf Abyssal Knight on June 5, 2022.
             Was a Priest of Lugonu.
             Killed by divine providence
             ... invoked by an orc priest
              (14 damage)
             ... on level 3 of the Dungeon.
             The game lasted 00:04:36 (2514 turns).

spiderkeys the Ducker (Deep Elf Abyssal Knight)     Turns: 2514, Time: 00:04:37

Health: -6/22      AC:  5    Str: 10    XL:     3   Next: 82%
Magic:  6/7        EV: 11    Int: 16    God:    Lugonu [***...]
Gold:   131        SH:  0    Dex: 15    Spells: 5/5 levels left

rFire   . . .      SeeInvis .   a - +1 falchion
rCold   . . .      Faith    .   (no shield)
rNeg    . . .      Spirit   .   f - +0 ring mail
rPois   .          Reflect  .   (no helmet)
rElec   .          Harm     .   (no cloak)
rCorr   .          Rampage  .   (no gloves)
Will    .....                   (no boots)
Stlth   +.........              (no amulet)
HPRegen 0.07/turn               (no ring)
MPRegen 0.10/turn               (no ring)

@: no status effects
A: no striking features
a: Renounce Religion, Depart the Abyss, Bend Space, Banish


You were on level 3 of the Dungeon.
You worshipped Lugonu.
Lugonu was most pleased with you.
You visited 1 branch of the dungeon, and saw 3 of its levels.
You visited the Abyss 1 time.

You collected 131 gold pieces.


   Skills:
 + Level 2.7 Fighting
 + Level 1.2(1.8) Short Blades
 - Level 1.7(2.0) Long Blades
 - Level 1.0 Armour
 + Level 3.1 Dodging
 + Level 1.6 Spellcasting
 + Level 2.6 Invocations


You had 5 spell levels left.
You didn't know any spells.
Your spell library contained the following spells:

 Spells                   Type           Power      Damage    Failure   Level
 Olgreb's Toxic Radiance  Pois           1%         N/A       99%         4
 Ozocubu's Refrigeration  Ice            0%         4d5       100%        7
 Ignition                 Fire           0%         3d3       100%        8

Inventory:

Hand Weapons
 a - a +1 falchion (weapon)
Missiles
 c - 107 stones
Armour
 d - +0 ice dragon scales
   (You found it on level 1 of the Dungeon)
 f - a +0 ring mail (worn)
   (You found it on level 1 of the Dungeon)
 j - a +0 chain mail
   (You found it on level 2 of the Dungeon)
 k - a +0 ring mail
   (You found it on level 2 of the Dungeon)
 n - a +0 chain mail
   (You found it on level 2 of the Dungeon)
Jewellery
 T - an amulet of faith {!P}
   (You took it off a goblin on level 1 of the Dungeon)
Scrolls
 e - 2 scrolls of identify {unknown}
 g - a scroll of magic mapping {!r}
 h - a scroll of blinking {unknown}
 o - a scroll of noise {unknown}
Potions
 b - a potion of brilliance {unknown}
 i - a potion of attraction {unknown}
 l - a potion of curing {unknown}
 m - 3 potions of degeneration {unknown}

Dungeon Overview and Level Annotations

Branches:
Dungeon (3/15)

Altars:

... ## #...##.?
##...#.#. ## #
.....#.#.##o#..#
#.....#.#@..#
#.....##S#.#.#
#..Ko###..
######......."..
#.........###..#
#........## #
#...<..<#.#
#.......##.#
#.......# ##


You could see an orc priest, an orc, a ball python and a kobold.


Message History

Key pressed, stopping explore.
Key pressed, stopping explore.
Key pressed, stopping explore.
Key pressed, stopping explore.
Key pressed, stopping explore.
You see here a +0 whip.
m - 2 viscous yellow potions 😎 HP[+11]
Your hp is fully restored (22).
Key pressed, stopping explore.
Key pressed, stopping explore.
n - a +0 chain mail
There is an escape hatch in the floor here.
There is a stone staircase leading down here.
A hobgoblin comes into view.
A hobgoblin is nearby!
You barely miss the hobgoblin.
The hobgoblin hits you but does no damage.
The hobgoblin barely misses you.
You closely miss the hobgoblin. The hobgoblin closely misses you.
You hit the hobgoblin. The hobgoblin barely misses you.
You hit the hobgoblin.
You kill the hobgoblin!
Lugonu accepts your kill.
No target in view!
No target in view!
m - 3 viscous yellow potions (gained 1);
o - a scroll labelled TAWUUWKALO You now have 131 gold pieces (gained 22).
You see here a hobgoblin corpse.
There is a stone staircase leading up here.
Key pressed, stopping explore.
Done exploring.
Done exploring.
There is a stone staircase leading down here.
You climb downwards.
The ball python hisses angrily.
Found a stone staircase leading up.
There is a stone staircase leading up here.
A ball python is nearby!
A ball python is nearby!
A kobold comes into view. It is wielding a +0 short sword.
The kobold shouts!
You closely miss the ball python. The ball python misses you.
The ball python grabs you. The ball python constricts you.
The ball python completely misses you. The ball python constricts you.
You hit the ball python. The ball python bites you.
The ball python constricts you. 😕 HP[-3]
You take 3 damage, and now have 19/22 hp.
You barely miss the ball python. The ball python barely misses you.
The ball python constricts you.
You closely miss the kobold. The ball python bites you.
The ball python constricts you. The kobold hits you but does no damage.
An orc comes into view. It is wielding a +0 short sword.
The ball python bites you but does no damage.
The ball python constricts you. 😮 HP[-4]
You take 4 damage, and now have 15/22 hp.
You miss the kobold.
The orc shouts!
You hear a shout! x2
The kobold closely misses you.
The ball python bites you but does no damage.
The ball python constricts you.
The kobold hits you with a +0 short sword.
* * * LOW HITPOINT WARNING * * *
A kobold comes into view. It is wielding a +0 dagger. 😨 HP[-4]
You take 4 damage, and now have 11/22 hp.
Unknown command.
You escape the ball python's grasp.
The ball python attacks as you move away!
The ball python bites you but does no damage.
The ball python closely misses you. The orc attacks as you move away!
The orc hits you but does no damage.
Okay, then.
Space bends violently around you!
You blink.
The ball python barely misses you. The ball python grabs you.
The ball python constricts you.
* * * LOW HITPOINT WARNING * * *
😨 HP[-3] MP[-1]
You take 3 damage, and now have 8/22 hp.
You lost 1 mp, and now have 6/7 mp.
You escape the ball python's grasp.
An orc priest comes into view. It is wielding a +0 whip.
Press: ? - help, Shift-Dir - straight line, f - orc priest
Aim: an orc priest, wielding a +0 whip (chance to affect: 80%)
You fail to use your ability.
The ball python barely misses you. The ball python closely misses you.
The orc priest hits you but does no damage.
Press: ? - help, Shift-Dir - straight line, f/p - orc priest
Aim: an orc priest, wielding a +0 whip (chance to affect: 80%)
You fail to use your ability.
The ball python barely misses you. x2
The orc priest calls down the wrath of Beogh upon you.
Beogh smites you!
Ouch! That really hurt!
You die...

Skill      XL: |  1  2  3 |
---------------+----------+-----
Armour         | 1 |  1.0
Spellcasting   | 1 |  1.6
Short Blades   | 1 |  1.2
Dodging        | 3 |  3.1
Fighting       | |  2.7
Long Blades    | |  1.7
Invocations    | |  2.6

Action                   || total
-------------------------++-------
Melee: Falchion          ||   125
Invok: Bend Space        ||     1
  Use: Potion            ||     1
       Scroll            ||     1
Armor: Leather armour    ||     5
       Ring mail         ||    43
Dodge: Dodged            ||    79

Levels and vault maps discovered:
D:1:      amcnicky_arrival_gap_in_the_tavern_cellar, layout_rooms,
          minmay_misc_feat_roman
D:2:      layout_loops_ring
D:3:      layout_loops_cross, gammafunk_ghost_nasty_kobolds, serial_shops,
          nicolae_shop_hallway_plus, dreamdust_princess_corridor,
          minmay_pentomino_pile

Notes
Turn   | Place    | Note
-------+----------+-------------------------------------------
     0 | Abyss:1  | spiderkeys the Deep Elf Abyssal Knight began the quest for
                  | the Orb.
     0 | Abyss:1  | Reached XP level 1. HP: 13/13 MP: 4/4
     0 | Abyss:1  | magus.rc [v1.11.3]
    35 | D:1      | You pass through the gate.
    35 | D:1      | Escaped the Abyss
   265 | D:1      | You add the spells Olgreb's Toxic Radiance, Ozocubu's
                  | Refrigeration and Ignition to your library.
   320 | D:1      | HP: 3/13 [hobgoblin (2)]
   322 | D:1      | HP: 1/13 [hobgoblin (2)]
   333 | D:1      | Reached skill level 1 in Armour
   469 | D:1      | Reached XP level 2. HP: 17/18 MP: 5/5
   692 | D:1      | Reached skill level 1 in Spellcasting
  1031 | D:2      | Reached skill level 1 in Short Blades
  1031 | D:2      | Reached XP level 3. HP: 10/22 MP: 6/6
  1035 | D:2      | HP: 5/22 [poisoned by an adder]
  1427 | D:2      | Reached skill level 3 in Dodging
  1620 | D:2      | Reached *** piety under Lugonu
  2514 | D:3      | Killed from afar by an orc priest

Vanquished Creatures
  2 adders (D:2)
  A worm (D:2)
  A dart slug (D:1)
  2 ball pythons (D:2)
  3 bats
  3 endoplasms (D:2)
  A giant cockroach (D:1)
  7 goblins
  3 hobgoblins
  3 frilled lizards (D:1)
  5 kobolds
  5 rats (D:1)
36 creatures vanquished.

Vanquished Creatures (others)
  A quokka (D:2)
1 creature vanquished.

Grand Total: 37 creatures vanquished

Table legend:
 A = Non-vault XP
 B = Vault XP
 C = Vault XP percentage of total XP
 D = Non-vault monster count
 E = Vault monster count
 F = Vault count percentage of total count
                 A         B        C        D         E       F
            +---------+---------+-------+---------+---------+-------
      Total |      87 |       0 |   0.0 |      36 |       0 |   0.0
            +---------+---------+-------+---------+---------+-------
        D:1 |      30 |       0 |   0.0 |      19 |       0 |   0.0
        D:2 |      57 |       0 |   0.0 |      17 |       0 |   0.0
            +---------+---------+-------+---------+---------+-------

Illustrated notes

Table legend:
 A = Kills in this place as a percentage of kills in entire the game.
 B = Kills by you in this place as a percentage of kills by you in the entire game.
 C = Kills by friends in this place as a percentage of kills by friends in the entire game.
 D = Other kills in this place as a percentage of other kills in the entire game.
 E = Experience gained in this place as a percentage of experience gained in the entire game.
 F = Experience gained in this place divided by the number of levels of this place that you have seen.
                   A       B       C       D       E      F
               +-------+-------+-------+-------+-------+----------------------
         Total | 100.0 | 100.0 |   N/A |   N/A | 100.0 |  21.8
       Dungeon | 100.0 | 100.0 |   N/A |   N/A | 100.0 |  29.0
               +-------+-------+-------+-------+-------+----------------------

Table legend: (Time is in decaauts)
 A = Elapsed time spent in this place.
 B = Non-inter-level travel time spent in this place.
 C = Inter-level travel time spent in this place.
 D = Time resting spent in this place.
 E = Time spent auto-exploring this place.
 F = Levels seen in this place.
 G = Mean time per level.
                   A        B        C        D        E       F      G
               +--------+--------+--------+--------+--------+-----+--------+
         Total |   2539 |   2475 |     64 |    492 |   1616 |   4 |  634.8 |
       Dungeon |   2504 |   2440 |     64 |    492 |   1599 |   3 |  834.7 |
         Abyss |     35 |     35 |      0 |      0 |     17 |   1 |   35.0 |
               +--------+--------+--------+--------+--------+-----+--------+

Top non-repeatable levels by time:
     D:2: 1483 daAuts
     D:1: 1005 daAuts
 Abyss:1: 35 daAuts
     D:3: 15 daAuts
